 Dungeon Crawl Stone Soup version 0.22-a0-348-gd16d139 (webtiles) character file.

38 xccam the Skirmisher (level 3, 0/35 HPs)
             Began as a Gnoll Wanderer on Apr 8, 2018.
             Succumbed to an adder's poison
             ... on level 2 of the Dungeon.
             The game lasted 00:02:38 (790 turns).

xccam the Skirmisher (Gnoll Wanderer)                Turns: 790, Time: 00:02:39

Health: 0/35       AC:  4    Str: 13    XL:     3   Next: 43%
Magic:  6/6        EV: 11    Int: 16    God:
Gold:   46         SH:  0    Dex: 14    Spells: 3/3 levels left

rFire    . . .     SeeInvis .   b - +0 spear
rCold    . . .     Gourm    .   (no shield)
rNeg     + . .     Faith    .   l - +2 robe {rN+}
rPois    .         Spirit   .   (no helmet)
rElec    .         Reflect  .   (no cloak)
rCorr    .         Harm     .   (no gloves)
MR       .....                  (no boots)
Stlth    +++.......             (no amulet)
HPRegen  0.11/turn              (no ring)
MPRegen  0.10/turn              (no ring)

@: lethally poisoned (0 -> -2)
A: distributed training, fangs 1, strong nose
a: no special abilities


You were on level 2 of the Dungeon.
You were not hungry.

You visited 1 branch of the dungeon, and saw 2 of its levels.

You collected 46 gold pieces.

Inventory:

Hand Weapons
 b - a +0 spear (weapon)
 e - a +0 dagger
Armour
 l - a +2 robe of positive energy (worn)
Jewellery
 k - an uncursed amulet of guardian spirit {unknown}
Wands
 a - a wand of flame (15)
Scrolls
 d - a scroll of remove curse {unknown}
 g - a scroll of random uselessness {unknown}
 i - 2 scrolls of teleportation {unknown}
 m - a scroll of enchant armour {unknown}
 o - a scroll of fog {unknown}
Potions
 c - a potion of lignification
 h - a potion of haste {unknown}
 j - a potion of ambrosia {unknown}
Comestibles
 f - 4 rations
 n - 4 chunks of flesh


   Skills:
 + Level 6.5 Fighting
 + Level 0.7 Short Blades
 + Level 0.7 Long Blades
 + Level 2.6 Axes
 + Level 0.7 Maces & Flails
 + Level 2.6 Polearms
 + Level 0.7 Staves
 + Level 0.7 Slings
 + Level 0.7 Bows
 + Level 0.7 Crossbows
 + Level 0.7 Throwing
 + Level 2.6 Armour
 + Level 0.7 Dodging
 + Level 4.1 Stealth
 + Level 0.7 Shields
 + Level 0.7 Unarmed Combat
 + Level 0.7 Spellcasting
 + Level 0.5 Conjurations
 + Level 0.5 Hexes
 + Level 0.5 Charms
 + Level 0.5 Summonings
 + Level 0.5 Necromancy
 + Level 0.5 Translocations
 + Level 0.5 Transmutations
 + Level 0.5 Fire Magic
 + Level 0.5 Ice Magic
 + Level 0.5 Air Magic
 + Level 0.5 Earth Magic
 + Level 0.5 Poison Magic
 + Level 0.9 Invocations
 + Level 4.5 Evocations


You had 3 spell levels left.
You didn't know any spells.

Dungeon Overview and Level Annotations

Branches:
Dungeon (2/15)

Altars:


Innate Abilities, Weirdness & Mutations

Your experience applies equally to all skills.
You have very sharp teeth.
Your uncanny sense of smell can sniff out nearby items.


Message History

You puncture the adder!
You kill the adder!
* * * LOW HITPOINT WARNING * * *
You feel sick.
You swing at nothing.
You swing at nothing.
You swing at nothing.
* * * LOW HITPOINT WARNING * * *
You feel sick.
You swing at nothing.
You swing at nothing.
You swing at nothing.
* * * LOW HITPOINT WARNING * * *
You feel sick.
You swing at nothing.
You swing at nothing.
You swing at nothing.
You swing at nothing.
You swing at nothing.
You die...

### #.#
#######.#
#.......#
#.#####.#
#@#.....#
#.####.###
#††......#
#†####.#.#
#.†....#.#.#
#.......#.#.#
.....[...#.#.#
.......###.#<#.#
....... .###.#


There were no monsters in sight!

Vanquished Creatures
  An adder (D:2)
  4 bats
  2 giant cockroaches (D:1)
  4 goblins (D:1)
  5 hobgoblins
  2 frilled lizards (D:1)
  3 kobolds (D:1)
  7 rats
28 creatures vanquished.

Notes
Turn   | Place    | Note
-------+----------+-------------------------------------------
     0 | D:1      | xccam the Gnoll Wanderer began the quest for the Orb.
     0 | D:1      | xccam set off with: a wand of flame (15), a +0 spear, a potion of lignification, a +0 robe, a +0 dagger, a ration
     0 | D:1      | Reached XP level 1. HP: 23/23 MP: 3/3
   104 | D:1      | Reached XP level 2. HP: 28/29 MP: 5/5
   651 | D:1      | Reached XP level 3. HP: 35/35 MP: 6/6
   782 | D:2      | HP: 1/35 [poisoned by an adder]
   790 | D:2      | Succumbed to an adder's poison

Vault maps used:
D:1:      kennysheep_arrival_forest, serial_forest, infiniplex_forest_lined_2,
          infiniplex_forest_straight_2, infiniplex_forest_clump_diagonal,
          infiniplex_forest_straight_1, infiniplex_forest_clump_cross,
          infiniplex_forest_straight_3, infiniplex_forest_clump_medium,
          infiniplex_forest_straight_3, infiniplex_forest_fountain,
          wad_floor_pattern_untrapped, serial_bayou_pond_d
D:2:      uniq_terence

Action                   || total
-------------------------++-------
Melee: Spear             ||    95
       Bite              ||     1
 Stab: Sleeping          ||     7
Armor: Robe              ||    22
Dodge: Dodged            ||    44

Table legend:
 A = Spawn XP
 B = Non-spawn XP
 C = Spawn XP percentage of total XP
 D = Spawn monster count
 E = Non-spawn monster count
 F = Spawn count percentage of total count
 G = Total turns spent on level
                    A         B        C        D         E        F      G
               +---------+---------+-------+---------+---------+-------+---------
         Total |       0 |      55 |   0.0 |       0 |      28 |   0.0 |   790
               +---------+---------+-------+---------+---------+-------+---------
           D:1 |       0 |      35 |   0.0 |       0 |      22 |   0.0 |   725
           D:2 |       0 |      20 |   0.0 |       0 |       6 |   0.0 |    65
               +---------+---------+-------+---------+---------+-------+---------
